 Dungeon Crawl Stone Soup version 0.28-a0-241-gfbb0926a3a (webtiles) character file.

Game seed: 438837264924525820

12 Malachi the Poker (level 2, -2/23 HPs)
             Began as a Gnoll Wanderer on Aug 24, 2021.
             Slain by a goblin (4 damage)
             ... on level 1 of the Dungeon.
             The game lasted 00:00:34 (484 turns).

Malachi the Poker (Gnoll Wanderer)                   Turns: 484, Time: 00:00:35

Health: -2/23      AC:  2    Str: 12    XL:     2   Next: 33%
Magic:  2/5        EV: 11    Int: 13    God:
Gold:   58         SH:  0    Dex:  8    Spells: 5/6 levels left

rFire   . . .      SeeInvis .   a - +0 spear
rCold   . . .      Faith    .   (no shield)
rNeg    . . .      Spirit   .   b - +0 robe
rPois   .          Reflect  .   (no helmet)
rElec   .          Harm     .   (no cloak)
rCorr   .          Rampage  .   (no gloves)
Will    .....                   (no boots)
Stlth   ++........              (no amulet)
HPRegen 0.07/turn               (no ring)
MPRegen 0.09/turn               (no ring)

@: no status effects
A: fangs 1, strong nose, distributed training
a: no special abilities


You were on level 1 of the Dungeon.
You visited 1 branch of the dungeon, and saw 1 of its levels.

You collected 58 gold pieces.

Inventory:

Hand Weapons
 a - a +0 spear (weapon)
 c - a +0 dagger
Missiles
 d - 13 poisoned darts
Armour
 b - a +0 robe (worn)


   Skills:
 + Level 2.4 Fighting
 + Level 0.3 Short Blades
 + Level 0.3 Long Blades
 + Level 0.3 Axes
 + Level 0.3 Maces & Flails
 + Level 4.4 Polearms
 + Level 0.3 Staves
 + Level 0.3 Slings
 + Level 0.3 Bows
 + Level 0.3 Crossbows
 + Level 2.4 Throwing
 + Level 0.3 Armour
 + Level 0.3 Dodging
 + Level 4.0 Stealth
 + Level 0.3 Shields
 + Level 0.3 Unarmed Combat
 + Level 2.7 Spellcasting
 + Level 0.2 Conjurations
 + Level 0.2 Hexes
 + Level 0.2 Summonings
 + Level 0.2 Necromancy
 + Level 3.7 Translocations
 + Level 0.2 Transmutations
 + Level 0.2 Fire Magic
 + Level 0.2 Ice Magic
 + Level 0.2 Air Magic
 + Level 0.2 Earth Magic
 + Level 0.2 Poison Magic
 + Level 0.4 Invocations
 + Level 2.4 Evocations


You had 5 spell levels left.
You knew the following spells:

 Your Spells              Type           Power      Damage    Failure   Level
a - Foxfire               Conj/Fire      8%         2x1d4     22%         1

Your spell library contained the following spells:

 Spells                   Type           Power      Damage    Failure   Level
 Blink                    Tloc           N/A        N/A       8%          2
 Gell's Gravitas          Tloc           5%         N/A       16%         3
 Lesser Beckoning         Tloc           5%         N/A       16%         3
 Teleport Other           Tloc           11%        N/A       16%         3
 Mephitic Cloud           Conj/Pois/Air  2%         N/A       54%         3
 Manifold Assault         Tloc           11%        N/A       82%         5


Dungeon Overview and Level Annotations

Branches:
Dungeon (1/15)

Altars:


Innate Abilities, Weirdness & Mutations

You have very sharp teeth.
Your uncanny sense of smell can sniff out nearby items.
Your experience applies equally to all skills.


Message History

You are too injured to fight recklessly!
You are too injured to fight recklessly!
You are too injured to fight recklessly!
You are too injured to fight recklessly!
You are too injured to fight recklessly!
You are too injured to fight recklessly!
You are too injured to fight recklessly!
You are too injured to fight recklessly!
You are too injured to fight recklessly!
You are too injured to fight recklessly!
You are too injured to fight recklessly!
You are too injured to fight recklessly!
You are too injured to fight recklessly!
You are too injured to fight recklessly!
The quokka bites you.
* * * LOW HITPOINT WARNING * * *
The quokka barely misses you.
You hit the goblin.
The goblin is moderately wounded.
The goblin closely misses you.
Casting: Foxfire (safe; 22% risk of failure)
Press: ? - help, Q - select action, (/) - cycle Dir - look around, f - activate Look: a quokka (heavily wounded)
You miscast Foxfire.
You are very lightly contaminated with residual magic.
Nothing appears to happen.
The goblin completely misses you.
Casting: Foxfire (safe; 22% risk of failure)
Press: ? - help, Q - select action, (/) - cycle Dir - look around, f - activate You conjure some foxfire!
The goblin hits you with a +0 club.
* * * LOW HITPOINT WARNING * * *
Unknown command.
Your foxfire dissipates!
Your magical contamination has completely faded away.
Casting: Foxfire (safe; 22% risk of failure)
Press: ? - help, Q - select action, (/) - cycle Dir - look around, f - activate You conjure some foxfire!
The goblin hits you with a +0 club.
You die...

#
#..##.....##.###†##.#.########
####..##.##..##...).[....#
......##.##.....#.##.###.#
####..##.##.###.#.#......#
#..##........#.....####
#..##....###...#####
#.........######
#......÷..#######
####.###.......v@g.# .....#
#....######r# ##.#####.#.##
#.# #.......#.# #r#
##.#######.# #.# ...# #.# #.#
#### #.# #.# #.# #.# ####.####


You could see a quokka and a goblin (ally target).

Vanquished Creatures
  A dart slug (D:1)
  3 ball pythons (D:1)
  A goblin (D:1)
  A hobgoblin (D:1)
  A frilled lizard (D:1)
  2 kobolds (D:1)
  2 rats (D:1)
11 creatures vanquished.

Notes
Turn   | Place    | Note
-------+----------+-------------------------------------------
     0 | D:1      | Malachi the Gnoll Wanderer began the quest for the Orb.
     0 | D:1      | Malachi set off with the following items: a +0 spear, a +0
                  | robe, a +0 dagger; and the following spell memorised:
                  | Foxfire; and the following spells available to memorise:
                  | Blink, Gell's Gravitas, Lesser Beckoning, Teleport Other,
                  | Mephitic Cloud, Manifold Assault
     0 | D:1      | Reached XP level 1. HP: 17/17 MP: 4/4
   202 | D:1      | Reached XP level 2. HP: 23/23 MP: 5/5
   484 | D:1      | Slain by a goblin

Illustrated notes

Levels and vault maps discovered:
D:1:      lightli_arrival_flooded_house, layout_loops_ring, chequers_arboretum,
          minmay_tromino_mix6

Action                   || total
-------------------------++-------
Melee: Spear             ||    36
       Bite              ||     2
 Cast: Foxfire           ||     2
 Stab: Sleeping          ||     6
Armor: Robe              ||     3
Dodge: Dodged            ||    12

Table legend: (Time is in decaauts)
 A = Elapsed time spent in this place.
 B = Non-inter-level travel time spent in this place.
 C = Inter-level travel time spent in this place.
 D = Time resting spent in this place.
 E = Time spent auto-exploring this place.
 F = Levels seen in this place.
 G = Mean time per level.
                   A        B        C        D        E       F      G
               +--------+--------+--------+--------+--------+-----+--------+
         Total |    480 |    480 |      0 |      0 |    381 |   1 |  480.0 |
       Dungeon |    480 |    480 |      0 |      0 |    381 |   1 |  480.0 |
               +--------+--------+--------+--------+--------+-----+--------+

Top non-repeatable levels by time:
     D:1: 480 daAuts
